 Dungeon Crawl Stone Soup version 0.29-a0-234-g0dae59b3db (webtiles) character file.

Game seed: 8571049171597894228

667 PaleWalker the Cutter (level 7, -1/36 HPs)
             Began as a Kobold Enchanter on Mar 2, 2022.
             Was an Initiate of Wu Jian.
             Shot with an arrow by a centaur (7 damage)
             ... on level 5 of the Dungeon.
             The game lasted 00:13:56 (4763 turns).

PaleWalker the Cutter (Kobold Enchanter)            Turns: 4763, Time: 00:13:56

Health: -1/36      AC:  7    Str:  5    XL:     7   Next: 88%
Magic:  1/10       EV: 15    Int: 17    God:    Wu Jian [......]
Gold:   313        SH:  5    Dex: 17    Spells: 8/10 levels left

rFire   . . .      SeeInvis .   a - +2 dagger (venom)
rCold   . . .      Faith    .   (no shield)
rNeg    . . .      Spirit   .   p - +0 robe
rPois   .          Reflect  +   r - +0 helmet
rElec   .          Harm     .   (no cloak)
rCorr   +          Rampage  .   v - +0 pair of gloves
Will    .....                   u - +2 pair of boots
Stlth   +++++.....              s - amulet of reflection
HPRegen 0.12/turn               A - ring of flight
MPRegen 0.12/turn               C - ring of resist corrosion

@: flying
A: small, no large weapons, nightstalker 3
a: Renounce Religion


You were on level 5 of the Dungeon.
You worshipped Wu Jian.
Wu Jian was noncommittal.
You visited 2 branches of the dungeon, and saw 7 of its levels.

You collected 313 gold pieces.

Inventory:

Hand Weapons
 a - a +2 dagger of venom (weapon)
 b - the +5 hunting sling of True Grit {venom, rElec rPois rF++ Int-5}
   (You found it on level 3 of the Dungeon)

   Any ammunition fired from it poisons the flesh of those it strikes.
   Int:       It affects your intelligence (-5).
   rF:        It greatly protects you from fire.
   rElec:     It insulates you from electricity.
   rPois:     It protects you from poison.
Missiles
 g - 189 stones (quivered)
 l - 13 poisoned darts
 y - 2 throwing nets
Armour
 j - a +0 leather armour
 o - an orb of energy
 p - a +0 robe (worn)
 r - a +0 helmet (worn)
 u - a +2 pair of boots (worn)
 v - a +0 pair of gloves (worn)
Jewellery
 s - an amulet of reflection (around neck)
 A - a ring of flight (left hand)
 C - a ring of resist corrosion (right hand)
Wands
 c - a wand of flame (12)
Scrolls
 d - a scroll of teleportation
 h - a scroll of enchant weapon {unknown}
 i - 2 scrolls of noise
 k - 7 scrolls of identify {unknown}
 m - a scroll of vulnerability {unknown}
 n - 2 scrolls of enchant armour {unknown}
 w - a scroll of fear {unknown}
 x - a scroll of brand weapon {unknown}
 B - a scroll of fog {unknown}
Potions
 e - a potion of curing
 f - 4 potions of attraction {unknown}
 q - a potion of magic {unknown}
 t - a potion of flight {unknown}
 z - 2 potions of mutation {unknown}
 D - a potion of invisibility


   Skills:
 * Level 7.5 Short Blades
 - Level 2.4 Dodging
 + Level 7.0 Stealth
 - Level 2.1 Spellcasting
 + Level 4.9 Hexes


You had 8 spell levels left.
You knew the following spells:

 Your Spells              Type           Power      Damage    Failure   Level
a - Ensorcelled Hibernat  Hex/Ice        20%        N/A       11%         2

Your spell library contained the following spells:

 Spells                   Type           Power      Damage    Failure   Level
 Confusing Touch          Hex            18%        N/A       8%          3
 Tukima's Dance           Hex            18%        N/A       8%          3
 Dazzling Flash           Conj/Hex       20%        N/A       21%         3


Dungeon Overview and Level Annotations

Branches:
Dungeon (6/15)             Temple (1/1) D:4

Altars:
Ashenzari
Cheibriados
Dithmenos
Fedhas
Gozag
Hepliaklqana
Kikubaaqudgha
Makhleb
Nemelex Xobeh
Okawaru
Qazlal
Ru
Sif Muna
Trog
Uskayaw
Vehumet
Wu Jian
Yredelemnul
Zin
The Shining One


Innate Abilities, Weirdness & Mutations

You are small and have problems with some larger weapons.
You are completely attuned to the shadows.


Message History

Aim: a hound (chance to affect: 52%)
The hound resists with significant effort.
The hound barely misses you.
Casting: Ensorcelled Hibernation (safe; 11% risk of failure)
Confirm with . or Enter, or press ? or * to list all spells.
Aiming: Ensorcelled Hibernation (safe; 11% risk of failure)
Press: ? - help, Shift-Dir - straight line, f/p - hound
Aim: a hound (chance to affect: 52%)
The hound resists with significant effort.
The hound closely misses you.
The centaur wields a +0 shortbow.
The centaur shoots an arrow.
The arrow hits you.
Casting: Ensorcelled Hibernation (safe; 11% risk of failure)
Confirm with . or Enter, or press ? or * to list all spells.
Aiming: Ensorcelled Hibernation (safe; 11% risk of failure)
Press: ? - help, Shift-Dir - straight line, f/p - hound
Aim: a hound (chance to affect: 52%)
The hound resists with significant effort.
The hound completely misses you.
The centaur shoots an arrow.
The arrow closely misses you. You block the hound's attack.
Casting: Ensorcelled Hibernation (safe; 11% risk of failure)
Confirm with . or Enter, or press ? or * to list all spells.
Aiming: Ensorcelled Hibernation (safe; 11% risk of failure)
Press: ? - help, Shift-Dir - straight line, f/p - hound
Aim: a hound (chance to affect: 52%)
The hound resists with significant effort.
The centaur shoots an arrow.
The arrow barely misses you. You block the hound's attack.
The centaur shoots an arrow.
The arrow hits you! You block the hound's attack. The hound closely misses you.
The centaur unwields a +0 shortbow.
The centaur hits you. The centaur kicks you.
The centaur wields a +0 shortbow.
The centaur shoots an arrow.
The arrow hits you.
* * * LOW HITPOINT WARNING * * *
The hound bites you.
* * * LOW HITPOINT WARNING * * *
Your magical contamination has completely faded away.
The centaur shoots an arrow.
The arrow hits you.
* * * LOW HITPOINT WARNING * * *
The centaur shoots an arrow.
The arrow hits you!
You die...

##....≈P≈≈≈♣≈≈..............###
##....PPP≈≈≈≈≈##.........####
.......≈PP≈PP.###.##.#.###
##......≈≈P≈≈........#.#
##...........†.......#.# #####
##...........c.......#.## #...#
....######.##........#..###...#
..#..####..##...h....#.....)..#
.###......###...@........##...#
...........##........#..#####.#
♣♣.≈♣.####............<.## #..#
♣≈≈♣.###..###.##..##....# #..###
♣♣.≈♣♣.....###.##.###....###.....
♣P≈♣♣♣♣...........###.....##.....
♣≈≈♣♣♣♣♣♣....##.####.............
≈≈≈≈♣♣≈≈♣#...#..# #......#......
≈≈≈≈.≈≈≈.......## ##......#...>..


You could see a centaur and a hound.

Vanquished Creatures
  Edmund (D:6)
  2 ogres
  A hound (D:5)
  2 iguanas
  Terence (D:2)
  3 orc wizards
  Robin (D:3)
  4 gnolls (D:5)
  4 adders
  6 worms
  2 dart slugs
  6 orcs
  9 endoplasms
  6 giant cockroaches
  15 goblins
  7 hobgoblins
  3 kobolds
  5 quokkas
  4 ball pythons
  6 bats
  4 frilled lizards
  4 rats
96 creatures vanquished.

Vanquished Creatures (others)
  41 plants (D:5)
41 creatures vanquished.

Grand Total: 137 creatures vanquished

Notes
Turn   | Place    | Note
-------+----------+-------------------------------------------
     0 | D:1      | PaleWalker the Kobold Enchanter began the quest for the
                  | Orb.
     0 | D:1      | Reached XP level 1. HP: 10/10 MP: 3/3
   216 | D:1      | Reached XP level 2. HP: 15/15 MP: 5/5
   240 | D:1      | Learned a level 2 spell: Ensorcelled Hibernation
   440 | D:1      | Found a faded altar of an unknown god.
   839 | D:1      | Reached XP level 3. HP: 19/19 MP: 6/6
  1275 | D:2      | Reached XP level 4. HP: 24/24 MP: 2/7
  1372 | D:2      | Noticed Terence
  1376 | D:2      | Killed Terence
  1392 | D:2      | Reached skill level 5 in Stealth
  1757 | D:3      | Reached XP level 5. HP: 28/28 MP: 3/8
  1880 | D:3      | Identified the +5 hunting sling of True Grit {venom, rElec
                  | rPois rF++ Int-5}
  1930 | D:3      | Noticed Robin
  2304 | D:3      | Reached skill level 5 in Short Blades
  2323 | D:3      | Killed Robin
  2324 | D:3      | Reached XP level 6. HP: 24/32 MP: 2/9
  2502 | D:3      | You fall into a shaft and drop 3 floors!
  2538 | D:5      | Entered Level 5 of the Dungeon
  2555 | D:5      | Noticed an ogre
  2584 | D:6      | Noticed Edmund
  2603 | D:6      | Killed Edmund
  2728 | D:4      | Noticed an ogre
  2732 | D:4      | Killed an ogre
  2733 | D:4      | Reached XP level 7. HP: 36/36 MP: 10/10
  3631 | D:4      | Found a staircase to the Ecumenical Temple.
  3650 | Temple   | Entered the Ecumenical Temple
  3770 | Temple   | Became a worshipper of the Wu Jian Council
  4054 | D:4      | Found an ancient bone altar of Kikubaaqudgha.
  4062 | D:4      | Found a shadowy altar of Dithmenos.
  4763 | D:5      | Shot with an arrow by a centaur

Illustrated notes

Levels and vault maps discovered:
D:1:      sevenhm_arrival_forest_fort_small_6, layout_loops_ring,
          basic_ecumenical_altar, chequers_jeans
D:2:      layout_loops_ring, uniq_terence
D:3:      layout_rooms, uniq_robin
D:4:      layout_basic, amethyst_overflow_temple_binary, temple_pool_b,
          enter_ossuary_2
D:5:      layout_rooms, serial_bayou, serial_bayou_shore_a,
          serial_bayou_lagoon_a, serial_bayou_crossing, serial_bayou_pond_d,
          serial_bayou_pond_d
D:6:      wad_lake_hut, layout_rooms, minivault_14, minmay_misc_feat_iff,
          st_stairs_3, minivault_27, grunt_decor_one_mirror, uniq_edmund
Temple:   hc_temple_tempest_star

Skill      XL: |  1  2  3  4  5  6  7 |
---------------+----------------------+-----
Short Blades   | 2 3 4 5 6 7 |  7.5
Stealth        | 5 6 7 |  7.0
Hexes          | 4 |  4.9
Dodging        | |  2.4
Spellcasting   | |  2.1

Action                   |  1- 3 |  4- 6 |  7- 9 || total
-------------------------+-------+-------+-------++-------
Melee: Dagger            |    42 |    77 |    51 ||   170
       Punch             |       |     1 |       ||     1
 Fire: Hunting sling     |       |     2 |       ||     2
 Cast: Ensorcelled Hiber |     8 |    15 |    26 ||    49
Invok: Lunge             |       |       |     7 ||     7
  Use: Potion            |       |     1 |     2 ||     3
       Scroll            |       |       |     2 ||     2
 Stab: Sleeping          |    24 |    25 |    17 ||    66
       Invisible         |       |     1 |       ||     1
Armor: Robe              |     1 |     6 |    14 ||    21
Dodge: Dodged            |    12 |    30 |    39 ||    81
Block: Other             |       |       |     9 ||     9

Table legend: (Time is in decaauts)
 A = Elapsed time spent in this place.
 B = Non-inter-level travel time spent in this place.
 C = Inter-level travel time spent in this place.
 D = Time resting spent in this place.
 E = Time spent auto-exploring this place.
 F = Levels seen in this place.
 G = Mean time per level.
                   A        B        C        D        E       F      G
               +--------+--------+--------+--------+--------+-----+--------+
         Total |   4733 |   4578 |    155 |    453 |   3307 |   7 |  676.1 |
       Dungeon |   4354 |   4231 |    123 |    453 |   2987 |   6 |  725.7 |
        Temple |    378 |    346 |     32 |      0 |    320 |   1 |  378.0 |
               +--------+--------+--------+--------+--------+-----+--------+

Top non-repeatable levels by time:
     D:2: 1021 daAuts
     D:5: 905 daAuts
     D:1: 873 daAuts
     D:3: 823 daAuts
     D:4: 624 daAuts
  Temple: 378 daAuts
     D:6: 106 daAuts
